 Dungeon Crawl Stone Soup version 0.23.0-3-gf3c87f2 (webtiles) character file.

Game seed: 4207350059244665850

68 Inarius the Skirmisher (level 4, 0/31 HPs)
             Began as a Halfling Abyssal Knight on Feb 20, 2019.
             Was a Believer of Lugonu.
             Succumbed to an adder's poison
             ... on level 3 of the Dungeon.
             The game lasted 00:02:42 (2166 turns).

Inarius the Skirmisher (Halfling Abyssal Knight)    Turns: 2166, Time: 00:02:43

Health: 0/31       AC:  7    Str: 14    XL:     4   Next: 41%
Magic:  14/14      EV: 11    Int: 10    God:    Lugonu [**....]
Gold:   123        SH:  0    Dex: 13    Spells: 3/3 levels left

rFire    . . .     SeeInvis +   a - +1 hand axe
rCold    . . .     Gourm    .   (shield restricted)
rNeg     . . .     Faith    .   d - +0 scale mail
rPois    .         Spirit   .   (no helmet)
rElec    .         Reflect  .   (no cloak)
rCorr    .         Harm     .   g - +0 pair of gloves
MR       .....                  (no boots)
Stlth    ..........             (no amulet)
HPRegen  0.10/turn              e - ring of magical power
MPRegen  0.14/turn              i - ring of see invisible

@: lethally poisoned (0 -> -8), hasted, very quick
A: small, mutation resistance 1
a: Depart the Abyss, Bend Space, Renounce Religion


You were on level 3 of the Dungeon.
You worshipped Lugonu.
Lugonu was pleased with you.
You were not hungry.

You visited 1 branch of the dungeon, and saw 3 of its levels.
You visited the Abyss 1 time.

You collected 123 gold pieces.

Inventory:

Hand Weapons
 a - a +1 hand axe (weapon)
Armour
 d - a +0 scale mail (worn)
 g - a +0 pair of gloves (worn)
Jewellery
 e - a ring of magical power (left hand)
 i - a ring of see invisible (right hand)
Scrolls
 b - a scroll of teleportation {unknown}
 h - 2 scrolls of fog {unknown}
 j - a scroll of noise {unknown}
Potions
 f - 2 potions of haste
Comestibles
 c - 7 rations


   Skills:
 + Level 3.2 Fighting
 * Level 2.7 Axes
 + Level 3.0 Armour
 + Level 1.4 Dodging
 * Level 2.5 Invocations


You had 3 spell levels left.
You didn't know any spells.
Your spell library was empty.

Dungeon Overview and Level Annotations

Branches:
Dungeon (3/15)

Altars:
Hepliaklqana
Makhleb
Ru
Zin


Innate Abilities, Weirdness & Mutations

You are small and have problems with some larger weapons.
You are somewhat resistant to further mutation.


Message History

You kill the adder!
Lugonu accepts your kill.
Your Armour skill increases to level 3!
* * * LOW HITPOINT WARNING * * *
You feel sick.
* * * LOW HITPOINT WARNING * * *
You feel sick.
You see here an adder corpse.
Found a stone staircase leading up.
* * * LOW HITPOINT WARNING * * *
You feel sick.
You see here an adder corpse.
* * * LOW HITPOINT WARNING * * *
You feel sick.
You see here a scroll labeled LIENTA KIULI.
* * * LOW HITPOINT WARNING * * *
You feel sick.
* * * LOW HITPOINT WARNING * * *
You feel sick.
You die...

..###..######## #.#
.................. #.#
............####### #.#
................... #.#
...#........####### #.#
#................# #.#
#..........####.# #.#
###.....##.#..†...# #.#
.......@.....?....#..#.#
....!...##.##.....#..#.#
................###..#.#
#......###.##.#.# #..#.#
....... .<..#.#.# #..#.#
....... .#..#.#.# #..#.#
..####. #..#.#.###..#.#
.# #. #.##.# #....#.#
#.#.....


There were no monsters in sight!

Vanquished Creatures
  3 adders
  A worm (D:2)
  A leopard gecko (D:2)
  2 giant cockroaches
  3 goblins
  A hobgoblin (D:1)
  3 jackals (D:1)
  8 kobolds
  9 bats
  3 frilled lizards
  6 rats
40 creatures vanquished.

Notes
Turn   | Place    | Note
-------+----------+-------------------------------------------
     0 | Abyss:1  | Inarius the Halfling Abyssal Knight began the quest for the
                  | Orb.
     0 | Abyss:1  | Reached XP level 1. HP: 15/15 MP: 2/2
     9 | D:1      | Escaped the Abyss
   180 | D:1      | Reached XP level 2. HP: 14/21 MP: 3/3
   687 | D:1      | Reached XP level 3. HP: 26/26 MP: 4/4
   737 | D:1      | Reached ** piety under Lugonu
  1404 | D:2      | Found a glowing silver altar of Zin.
  1419 | D:2      | Found a burning altar of Makhleb.
  1441 | D:2      | Found a sacrificial altar of Ru.
  1556 | D:2      | Reached XP level 4. HP: 9/31 MP: 5/5
  1846 | D:2      | Found a hazy altar of Hepliaklqana.
  2164 | D:3      | HP: 1/31 [poisoned by an adder]
  2166 | D:3      | Succumbed to an adder's poison

Skill      XL: |  1  2  3  4 |
---------------+-------------+-----
Fighting       | 3 |  3.2
Armour         | 3 |  3.0
Axes           | |  2.7
Dodging        | |  1.4
Invocations    | |  2.5

Action                   |  1- 3 |  4- 6 || total
-------------------------+-------+-------++-------
Melee: Hand axe          |   119 |    28 ||   147
  Use: Potion            |       |     1 ||     1
  Eat: Chunk             |     2 |     2 ||     4
Armor: Scale mail        |    51 |    11 ||    62
Dodge: Dodged            |    99 |    11 ||   110
